 Dungeon Crawl Stone Soup version 0.29-a0-541-gaf1fc19f1b (webtiles) character file.

Game seed: 378634396558232660

14128 IdlyInterested the Basher (level 11, -15/87 HPs)
             Began as a Demonspawn Fighter on June 2, 2022.
             Was a High Priest of Makhleb.
             Demolished by a titanic slime creature (57 damage)
             ... on level 12 of the Dungeon.
             The game lasted 00:44:00 (13094 turns).

IdlyInterested the Basher (Demonspawn Fighter)     Turns: 13094, Time: 00:44:00

Health: -15/87     AC: 21    Str: 17    XL:     11   Next: 84%
Magic:  14/14      EV:  8    Int:  9    God:    Makhleb [*****.]
Gold:   765        SH:  4    Dex: 17    Spells: 10/10 levels left

rFire   . . .      SeeInvis +   F - +0 flail (drain)
rCold   + + .      Faith    +   (no shield)
rNeg    . . .      Spirit   .   Z - +2 plate armour {rC+}
rPois   .          Reflect  .   (helmet restricted)
rElec   .          Harm     .   Y - scarf {repulsion}
rCorr   +          Rampage  .   m - +2 pair of gloves
Will    .....                   q - +0 pair of boots
Stlth   ..........              h - amulet of faith
HPRegen 0.24/turn               l - ring of resist corrosion
MPRegen 0.14/turn               J - ring of see invisible

@: repel missiles
A: thin metallic scales 2, demonic guardian 2, condensation shield, demonic
touch 1, horns 1, cold resistance 1, wild magic 1
a: Renounce Religion, Minor Destruction, Lesser Servant of Makhleb, Major
Destruction, Greater Servant of Makhleb


You were on level 12 of the Dungeon.
You worshipped Makhleb.
Makhleb was extremely pleased with you.
You visited 2 branches of the dungeon, and saw 14 of its levels.

You collected 807 gold pieces.
You spent 42 gold pieces at shops.

Inventory:

Hand Weapons
 a - a +0 morningstar
 x - a +2 whip of venom
 C - a +4 mace of flaming
 F - a +0 flail of draining (weapon)
 N - the +7 war axe of Governance {venom, *Noise rC+ Str+4 Dex+3}
   (You found it on level 10 of the Dungeon)

   It poisons the flesh of those it strikes.
   Str:       It affects your strength (+4).
   Dex:       It affects your dexterity (+3).
   rC:        It protects you from cold.
   *Noise:    It may make noises in combat.
 U - a +2 whip of freezing
Missiles
 g - 517 stones
 p - 26 boomerangs (quivered)
 u - 2 javelins
 A - 24 poisoned darts
 O - 2 throwing nets
Armour
 c - a +0 ring mail of positive energy
 d - a +0 helmet
 m - a +2 pair of gloves (worn)
 q - a +0 pair of boots (worn)
 v - a +0 helmet
 z - the +4 robe of Augmentation {Str+4 Int+4 Dex+4}
   (You found it on level 6 of the Dungeon)

   Str:       It affects your strength (+4).
   Int:       It affects your intelligence (+4).
   Dex:       It affects your dexterity (+4).
 S - +0 acid dragon scales
 W - a +0 troll leather armour
 Y - a scarf of repulsion (worn)
 Z - a +2 plate armour of cold resistance (worn)
Jewellery
 h - an amulet of faith (around neck)
 l - a ring of resist corrosion (left hand)
 J - a ring of see invisible (right hand)
Wands
 t - a wand of flame (50)
 y - a wand of acid (5)
 E - a wand of iceblast (9)
 H - a wand of paralysis (6)
Scrolls
 b - 4 scrolls of fog
 e - 2 scrolls of enchant weapon
 f - 9 scrolls of teleportation
 i - a scroll of amnesia
 s - 2 scrolls of immolation
 L - 2 scrolls of magic mapping
 V - 4 scrolls of identify
Potions
 j - 3 potions of mutation
 k - a potion of invisibility
 n - 3 potions of brilliance
 o - 3 potions of flight
 r - 3 potions of curing
 w - 3 potions of attraction
 B - a potion of might
 D - a potion of haste
 G - a potion of lignification
 K - 3 potions of magic
 P - a potion of heal wounds
 R - a potion of ambrosia


   Skills:
 + Level 8.7 Fighting
 * Level 11.0 Maces & Flails
 - Level 1.0 Throwing
 + Level 4.8 Armour
 + Level 7.5 Dodging
 - Level 1.0 Stealth
 - Level 2.6 Shields
 + Level 5.4 Unarmed Combat
 - Level 5.0 Invocations
 - Level 5.0 Evocations


You had 10 spell levels left.
You didn't know any spells.
Your spell library contained the following spells:

 Spells                   Type           Power      Damage    Failure   Level
 Apportation              Tloc           0%         N/A       100%        1
 Magic Dart               Conj           0%         1d3       100%        1
 Necrotize                Necr           0%         1d4       100%        1
 Summon Small Mammal      Summ           0%         N/A       100%        1
 Searing Ray              Conj           0%         2d4       100%        2
 Call Canine Familiar     Summ           0%         N/A       100%        3
 Confusing Touch          Hex            0%         N/A       100%        3
 Dazzling Flash           Conj/Hex       0%         N/A       100%        3
 Summon Guardian Golem    Hex/Summ       0%         N/A       100%        3
 Airstrike                Air            0%         N/A       100%        4
 Animate Dead             Necr           0%         N/A       100%        4
 Fulminant Prism          Conj/Hex       0%         3d6       100%        4
 Iskenderun's Mystic Bla  Conj/Tloc      0%         2d3       100%        4
 Summon Ice Beast         Ice/Summ       0%         N/A       100%        4
 Summon Lightning Spire   Summ/Air       0%         N/A       100%        4
 Agony                    Necr           0%         N/A       100%        5
 Lightning Bolt           Conj/Air       0%         1d11      100%        5
 Silence                  Hex/Air        0%         N/A       100%        5
 Summon Mana Viper        Hex/Summ       0%         N/A       100%        5
 Yara's Violent Unravell  Hex/Tmut       0%         3d3       100%        5
 Starburst                Conj/Fire      0%         6d3       100%        6
 Enfeeble                 Hex            0%         N/A       100%        7
 Haunt                    Necr/Summ      0%         N/A       100%        7
 Monstrous Menagerie      Summ           0%         N/A       100%        7
 Infestation              Necr           0%         N/A       100%        8


Dungeon Overview and Level Annotations

Branches:
Dungeon (13/15)            Temple (1/1) D:5            Lair (0/6) D:8
    Orc (0/2) D:12
 Vaults: D:13-14

Altars:
Ashenzari
Cheibriados
Dithmenos
Elyvilon
Fedhas
Gozag
Hepliaklqana
Kikubaaqudgha
Makhleb
Nemelex Xobeh
Okawaru
Qazlal
Ru
Sif Muna
Trog
Uskayaw
Vehumet
Wu Jian
Xom
Yredelemnul
Zin
The Shining One

Shops:
D:3 (   D:12 *


Innate Abilities, Weirdness & Mutations

You are mostly covered in thin metallic scales. (AC +3)
A demonic guardian rushes to your aid.
A meltable shield of frost defends you. (SH +4)
Your touch may inflict minor irresistible damage on your foes.
You have a pair of small horns on your head.
Your flesh is cold resistant. (rC+)
Your spells are a little harder to cast, but a little more powerful.


Message History

Unknown command.
You swap places.
The large slime creature barely misses your hellwing.
Your hellwing hits the large slime creature! x2
The large slime creature misses your hellwing.
Your hellwing hits the large slime creature!
Your hellwing barely misses the large slime creature.
The large slime creature hits your hellwing but does no damage.
Your hellwing hits the large slime creature!
Your hellwing hits the large slime creature.
The large slime creature hits your hellwing!
Your hellwing hits the large slime creature!
Your hellwing barely misses the large slime creature.
The large slime creature hits your hellwing!!
Your hellwing hits the large slime creature. x2
The large slime creature barely misses your hellwing.
Your hellwing hits the large slime creature.
Your hellwing hits the large slime creature!
The large slime creature hits your hellwing but does no damage.
Your hellwing completely misses the large slime creature.
Your hellwing hits the large slime creature!
The large slime creature hits your hellwing!
Your hellwing hits the large slime creature!
Your hellwing hits the large slime creature.
The large slime creature hits your hellwing!!!
Your hellwing dies!
Your hellwing disappears in a puff of smoke!
A demon appears!
You hit the large slime creature. You headbutt the large slime creature.
The large slime creature is almost dead.
A large slime creature splits.
Two slime creatures merge to form a titanic slime creature.
You completely miss the slime creature.
You touch the slime creature!
The slime creature is almost dead.
You hit the slime creature.
You kill the slime creature!
Makhleb accepts your kill.
You feel better. The titanic slime creature hits you!!!
Ouch! That really hurt!
You die...

#..#.....#..............##'#
#..##...##..............#...
#..#######..............#.>.
#..........>........... #...
#.##.#.###..............####
#...............###......# #
##########......# #..##.^# #
#......# #..##..# # #3@....#
#..##..# # #J###..# #..##..#
# #.# #..# #..##..### #.#
#..# #..##..... #.#
#..###..##.###. #.#
#.......##.# #. #.#
#.)........# #. #.#
#..........# #. #.#
#..........# #.


You could see a titanic slime creature (drained, ally target) and a friendly
neqoxec (summoned).

Vanquished Creatures
  A centaur warrior (D:7)
  Nergalle (D:10)
  Pikel (D:6)
  3 cyclopes
  A manticore (D:13)
  Maurice (D:8)
  Joseph (D:10)
  Maggie (D:10)
  An unseen horror (D:10)
  A komodo dragon (D:10)
  4 trolls
  A slime creature (D:12)
  A centaur simulacrum (D:12)
  A shadow (D:10)
  3 yaks
  A wyvern (D:8)
  3 wraiths
  Eustachio (D:4)
  3 vampire mosquitoes
  Menkaure (D:4)
  A steam dragon (D:9)
  5 water moccasins
  5 orc warriors
  3 ice beasts
  A black bear (D:6)
  2 ogres
  2 sky beasts
  13 centaurs
  A phantom (D:6)
  3 kobold brigands
  3 bullfrogs
  3 necrophages (D:6)
  A gnoll sergeant (D:6)
  4 scorpions
  6 wights (D:7)
  7 hounds
  4 jellies
  4 orc priests
  4 iguanas
  20 orc wizards
  8 gnolls
  10 adders
  3 white imps
  An ufetubus (D:5)
  3 worms
  A dart slug (D:5)
  61 orcs
  6 endoplasms
  7 giant cockroaches
  8 goblins
  4 hobgoblins
  6 jackals
  5 quokkas
  10 ball pythons
  6 bats
  2 frilled lizards
  28 kobolds
  5 rats
297 creatures vanquished.

Vanquished Creatures (collateral kills)
  4 yaks (D:11)
  4 vampire mosquitoes (D:12)
  A centaur (D:12)
  2 wights (D:7)
  An orc priest (D:9)
  2 orcs
14 creatures vanquished.

Grand Total: 311 creatures vanquished

Notes
Turn   | Place    | Note
-------+----------+-------------------------------------------
     0 | D:1      | IdlyInterested the Demonspawn Fighter began the quest for
                  | the Orb.
     0 | D:1      | Reached XP level 1. HP: 18/18 MP: 1/1
     7 | D:1      | Found a sparkling altar of Nemelex Xobeh.
   153 | D:1      | Reached skill level 2 in Maces & Flails
   176 | D:1      | Gained mutation: You are partially covered in thin metallic
                  | scales. (AC +2) [demonic ancestry]
   176 | D:1      | Reached XP level 2. HP: 22/24 MP: 2/2
   284 | D:1      | Reached skill level 1 in Evocations
   821 | D:1      | Gained mutation: You are mostly covered in thin metallic
                  | scales. (AC +3) [demonic ancestry]
   821 | D:1      | Reached XP level 3. HP: 28/29 MP: 3/3
  1063 | D:1      | Found a faded altar of an unknown god.
  1118 | D:1      | Gained mutation: You have a pair of small horns on your
                  | head. [potion of mutation]
  1118 | D:1      | Gained mutation: Your spells are a little harder to cast,
                  | but a little more powerful. [potion of mutation]
  1118 | D:1      | Gained mutation: Your flesh is cold resistant. (rC+)
                  | [potion of mutation]
  1157 | D:2      | Reached skill level 1 in Dodging
  1259 | D:2      | Gained mutation: Your touch may inflict minor irresistible
                  | damage on your foes. [demonic ancestry]
  1259 | D:2      | Reached XP level 4. HP: 35/35 MP: 4/4
  1443 | D:2      | Reached skill level 3 in Maces & Flails
  2122 | D:2      | Reached XP level 5. HP: 41/41 MP: 5/5
  2728 | D:3      | Found Feimm's Weapon Boutique.
  2779 | D:3      | Bought 2 boomerangs for 12 gold pieces
  3251 | D:4      | Gained mutation: A weak demonic guardian rushes to your
                  | aid. [demonic ancestry]
  3251 | D:4      | Reached XP level 6. HP: 41/48 MP: 6/6
  3638 | D:4      | Noticed Eustachio
  3656 | D:4      | Killed Eustachio
  3657 | D:4      | Reached skill level 4 in Maces & Flails
  3657 | D:4      | Reached skill level 1 in Unarmed Combat
  3712 | D:4      | Noticed Menkaure
  3718 | D:4      | Killed Menkaure
  3719 | D:4      | Reached XP level 7. HP: 48/54 MP: 7/7
  3814 | D:5      | Entered Level 5 of the Dungeon
  4353 | D:5      | Reached skill level 5 in Maces & Flails
  4500 | D:5      | Gained mutation: A meltable shield of frost defends you.
                  | (SH +4) [demonic ancestry]
  4500 | D:5      | Reached XP level 8. HP: 50/61 MP: 8/8
  4949 | D:5      | Found a staircase to the Ecumenical Temple.
  4955 | Temple   | Entered the Ecumenical Temple
  5157 | Temple   | Became a worshipper of Makhleb the Destroyer
  5417 | D:6      | Reached skill level 1 in Invocations
  5441 | D:6      | Reached skill level 5 in Fighting
  5522 | D:6      | Reached skill level 6 in Maces & Flails
  5595 | D:6      | Reached * piety under Makhleb
  5596 | D:6      | Reached XP level 9. HP: 16/69 MP: 11/11
  5673 | D:6      | Reached skill level 7 in Maces & Flails
  6100 | D:6      | Found the +4 robe of Augmentation {Str+4 Int+4 Dex+4}
  6101 | D:6      | Noticed Pikel
  6120 | D:6      | Killed Pikel
  6262 | D:6      | Reached skill level 5 in Dodging
  6794 | D:7      | Reached skill level 8 in Maces & Flails
  6804 | D:7      | Reached ** piety under Makhleb
  6832 | D:7      | Noticed a centaur warrior
  6833 | D:7      | Identified the +3 shortbow "Bistrepi" {vorpal, rN+ Str+4}
  6843 | D:7      | Killed a centaur warrior
  6844 | D:7      | Reached skill level 1 in Throwing
  6846 | D:7      | Gained mutation: A demonic guardian rushes to your aid.
                  | [demonic ancestry]
  6846 | D:7      | Reached XP level 10. HP: 65/77 MP: 12/12
  7065 | D:7      | Reached skill level 1 in Stealth
  7635 | D:7      | Reached skill level 9 in Maces & Flails
  8081 | D:8      | Reached *** piety under Makhleb
  8199 | D:8      | Found a staircase to the Lair.
  8199 | D:8      | Noticed Maurice
  8221 | D:8      | Killed Maurice
  9263 | D:9      | Found a blossoming altar of Fedhas.
  9530 | D:9      | Reached skill level 5 in Invocations
  9593 | D:9      | Reached **** piety under Makhleb
  9809 | D:10     | Entered Level 10 of the Dungeon
 10037 | D:10     | Reached XP level 11. HP: 66/86 MP: 14/14
 10128 | D:10     | Noticed Joseph
 10142 | D:10     | Killed Joseph
 10143 | D:10     | Reached skill level 5 in Unarmed Combat
 10211 | D:10     | Noticed Nergalle
 10223 | D:10     | Killed Nergalle
 10224 | D:10     | Reached skill level 10 in Maces & Flails
 10266 | D:10     | Identified the +7 war axe of Governance {venom, *Noise rC+
                  | Str+4 Dex+3}
 10278 | D:10     | Noticed Maggie
 10291 | D:10     | Killed Maggie
 10560 | D:10     | You fall into a shaft and drop 3 floors!
 11268 | D:12     | Found Pedduw's Assorted Antiques.
 11276 | D:12     | Bought a scroll labelled CODGHE BUEQAC for 30 gold pieces
 11449 | D:12     | Reached skill level 5 in Evocations
 11948 | D:11     | Reached skill level 11 in Maces & Flails
 12847 | D:12     | Reached ***** piety under Makhleb
 12884 | D:12     | Found a staircase to the Orcish Mines.
 13094 | D:12     | Demolished by a titanic slime creature

Illustrated notes

Levels and vault maps discovered:
D:1:      sevenhm_arrival_forest_fort_small_6, layout_loops_ring,
          shapermc_ecumenical_altar_ellora, st_stairs_13, minmay_parallelograms
D:2:      layout_basic
D:3:      layout_loops_ring, serial_shops, nicolae_shop_bloodbath_and_beyond
D:4:      layout_basic, uniq_menkaure, uniq_eustachio
D:5:      kennysheep_spiral_hall, layout_loops_ring, minmay_temple_entry_fiery
D:6:      layout_basic, minmay_stone_trees_small, nzn_random_ring, uniq_pikel
D:7:      nzn_winding_woodlands_small [nzn_winding_woodlands_5x15_default,
          nzn_winding_woodlands_center_diamonds,
          nzn_winding_woodlands_5x15_pool], layout_basic, serial_corexii_hall,
          corexii_hall_statues_s, corexii_hall_statues_l,
          chequers_hall_statues_wall_a, chequers_hall_statues_corner_a,
          chequers_hall_statues_wall_a, chequers_hall_statues_wall_a
D:8:      layout_loops_ring, dpeg_oklobed_lair, corner_web_ring, uniq_maurice
D:9:      layout_roguey, fedhas_bush_and_centaur_altar
D:10:     layout_irregular_city, uniq_maggie, uniq_nergalle, uniq_joseph
D:11:     layout_stronghold
D:12:     layout_long_grid, hiddenorc1_lemuel, serial_shops,
          nicolae_square_shop, minmay_misc_feat_enclosed
D:13:     layout_roguey, ebering_ghost_gozag, kennysheep_diamond,
          roderic_filled_cross, uniq_erolcha
Temple:   kilobyte_greek_temple

Skill      XL: |  1  2  3  4  5  6  7  8  9 10 11 |
---------------+----------------------------------+-----
Maces & Flails | 2 3 4 5 6 8 9 11 | 11.0
Evocations     | 1 2 3 4 5 |  5.0
Dodging        | 1 2 3 4 5 6 7 |  7.5
Fighting       | 4 5 6 7 8 |  8.7
Unarmed Combat | 2 3 4 5 |  5.4
Armour         | 3 4 |  4.8
Invocations    | 3 5 |  5.0
Throwing       | 1 |  1.0
Stealth        | 1 |  1.0
Shields        | |  2.6

Action                   |  1- 3 |  4- 6 |  7- 9 | 10-12 || total
-------------------------+-------+-------+-------+-------++-------
Melee: Flail             |   129 |   158 |   264 |   426 ||   977
       Headbutt          |     3 |    23 |    43 |   120 ||   189
       Touch             |       |       |    56 |    81 ||   137
       Punch             |       |       |     9 |    15 ||    24
Throw: Boomerang         |       |       |       |     7 ||     7
Invok: Lesser Servant of |       |       |       |     4 ||     4
  Use: Scroll            |     4 |     3 |     3 |    10 ||    20
       Potion            |     2 |     1 |     6 |       ||     9
 Stab: Sleeping          |       |       |       |     9 ||     9
       Distracted        |       |       |       |     2 ||     2
Armor: Scale mail        |    14 |       |       |       ||    14
       Chain mail        |    62 |    60 |       |       ||   122
       Leather armour    |       |    35 |   126 |       ||   161
       Robe              |       |       |    19 |   127 ||   146
       Plate armour      |       |       |       |    12 ||    12
Dodge: Dodged            |    55 |    64 |   218 |   325 ||   662
Block: Buckler           |    36 |    29 |     1 |       ||    66
       Other             |       |       |    29 |    78 ||   107

Table legend: (Time is in decaauts)
 A = Elapsed time spent in this place.
 B = Non-inter-level travel time spent in this place.
 C = Inter-level travel time spent in this place.
 D = Time resting spent in this place.
 E = Time spent auto-exploring this place.
 F = Levels seen in this place.
 G = Mean time per level.
                   A        B        C        D        E       F      G
               +--------+--------+--------+--------+--------+-----+--------+
         Total |  13199 |  12693 |    506 |   1558 |   8239 |  14 |  942.8 |
       Dungeon |  12960 |  12524 |    436 |   1558 |   8084 |  13 |  996.9 |
        Temple |    238 |    168 |     70 |      0 |    155 |   1 |  238.0 |
               +--------+--------+--------+--------+--------+-----+--------+

Top non-repeatable levels by time:
     D:6: 1482 daAuts
     D:7: 1252 daAuts
     D:5: 1233 daAuts
     D:1: 1191 daAuts
    D:12: 1141 daAuts
     D:2: 1139 daAuts
    D:11: 1077 daAuts
     D:9: 961 daAuts
    D:10: 934 daAuts
     D:4: 839 daAuts
     D:8: 838 daAuts
     D:3: 739 daAuts
  Temple: 238 daAuts
    D:13: 128 daAuts
